 Dungeon Crawl Stone Soup version 0.31-a0-1598-g94871bc2e8 (webtiles) character file.

Game seed: 18079633965692060239

620 Dirtsage the Changeling (level 7, 0/69 HPs)
             Began as an Octopode Shapeshifter on Jan 5, 2024.
             Incinerated by a bombardier beetle (2 damage)
             ... with a burning spray
             ... on level 5 of the Dungeon on Jan 8, 2024.
             The game lasted 00:08:40 (3977 turns).

Dirtsage the Changeling (Octopode Shapeshifter)     Turns: 3977, Time: 00:08:41

Health: 0/69       AC: 23    Str: 13    XL:     7   Next: 46%
Magic:  7/7        EV:  2    Int: 12    God:
Gold:   187        SH:  0    Dex: 14    Spells: 6/6 levels left

rFire   . .          .
                       - Unarmed
rCold   . . .        (no shield)
rNeg    . . .        (helmet currently unavailable)
rPois   +            (no amulet)
rElec   .            (no ring)
rCorr   .            (no ring)
SInv    .            (no ring)
Will    .....        (no ring)
Stlth   +            (no ring)
HPRegen 0.31/turn    (no ring)
MPRegen 0.10/turn    (no ring)
                     (no ring)

%: no passive effects
@: lethally poisoned (0 -> -7), on fire, tree-form (expiring), glowing
A: stationary, stasis, torment immunity, boosted hp, almost no armour,
(amphibious), 8 rings, (camouflage 1), (gelatinous body 1), (nimble swimmer 1),
(tentacles)
a: no special abilities


You were on level 5 of the Dungeon.
You were a tree.
You visited 1 branch of the dungeon, and saw 5 of its levels.

You collected 304 gold pieces.
You spent 117 gold pieces at shops.

Inventory:

Magical Staves
 s - a staff of alchemy
Talismans
 b - a beast talisman
 c - a flux talisman
Wands
 v - a wand of iceblast (6)
 w - a wand of polymorph (14)
Scrolls
 f - 4 scrolls of teleportation {unknown}
 i - 3 scrolls of identify {unknown}
 j - a scroll of amnesia {unknown}
 n - 2 scrolls of fog {unknown}
 o - a scroll of noise {unknown}
 p - a scroll of revelation {unknown}
 t - a scroll of enchant armour {unknown}
 u - a scroll of fear {unknown}
 x - a scroll of poison {unknown}
 y - a scroll of blinking {unknown}
Potions
 d - 2 potions of might
 e - a potion of cancellation {unknown}
 g - 2 potions of degeneration {unknown}
 h - a potion of brilliance {unknown}
 k - a potion of attraction {unknown}
 l - 3 potions of heal wounds
 m - 2 potions of mutation {unknown}
 q - a potion of curing
 r - a potion of magic {unknown}
 z - a potion of haste {unknown}


   Skills:
 + Level 3.4 Fighting
 + Level 4.0 Dodging
 + Level 4.6 Unarmed Combat
 * Level 5.3 Shapeshifting


You had 6 spell levels left.
You didn't know any spells.
Your spell library contained the following spells:

 Spells                   Type           Power      Damage    Failure   Level
 Apportation              Tloc           0%         N/A       32%         1
 Necrotise                Necr           0%         1d4       32%         1
 Sting                    Conj/Alch      0%         1d3       32%         1
 Summon Small Mammal      Summ           0%         N/A       32%         1


Dungeon Overview and Level Annotations

Branches:
Dungeon (5/15)
 Temple: D:4-7

Altars:
Vehumet

Shops:
D:3 !

Annotations:
D:5 Flugslaktarn's ghost, amateur OpAl


Innate Abilities, Weirdness & Mutations

You are a tree.
Your roots penetrate the ground, keeping you stationary.
You cannot be teleported.
You are immune to unholy pain and torment.
Your maximum health is greatly increased.
You cannot wear most types of armour.
((You are amphibious.))
You can wear up to eight rings at the same time.
((Your skin changes colour to match your surroundings (Stealth+).))
((Your rubbery body absorbs attacks. (AC +1, EV +1)))
((You are camouflaged when in or above water. (Stealth+)))
((You have tentacles for arms and can constrict up to eight enemies at once.))


Message History

Flugslaktarn's ghost casts a spell.
Flugslaktarn's ghost begins to radiate toxic energy.
* * * LOW HITPOINT WARNING * * *
You are more poisoned.
You take 5 damage, and have 16/69 hp.
You feel better. The liquid fire burns you!
Your transformation is almost over.
You are poisoned.
Flugslaktarn's ghost hits you but does no damage.
You regained 6 hp, and now have 22/69 hp.
You miss Flugslaktarn's ghost. The liquid fire burns you!
* * * LOW HITPOINT WARNING * * *
You feel sick.
* * * LOW HITPOINT WARNING * * *
You are more poisoned.
Flugslaktarn's ghost hits you but does no damage.
You take 7 damage, and have 15/69 hp.
You barely miss Flugslaktarn's ghost. The liquid fire burns you!
* * * LOW HITPOINT WARNING * * *
You feel sick.
* * * LOW HITPOINT WARNING * * *
You are more poisoned.
Flugslaktarn's ghost stares at you and mumbles some strange words.
The sting hits you but does no damage.
You are more poisoned.
You take 4 damage, and have 11/69 hp.
You barely miss Flugslaktarn's ghost. The liquid fire burns you!
* * * LOW HITPOINT WARNING * * *
x2 You feel sick.
You are lethally poisoned!
Flugslaktarn's ghost hits you.
* * * LOW HITPOINT WARNING * * *
You take 9 damage, and have 2/69 hp.
You closely miss Flugslaktarn's ghost. The liquid fire burns you!
You die...

#.........'........##.##)......
#.####..###....##..##.##.###.##
#.####.###########....##.###.##
#.##.....# #.#..##.#...##
#.##.#.#.#########.#.....#.####
#.##>#.#...........##.#..#.# #
#.##.#.#########....#.#....# #
###.##.#......)W.#.##.#.##>### #
#.............##♣#.##.#.#### #
#.............##.#....#.#########
#..#########..##.#..###..........
#..#.......#B.##.#..# ###########
#..#...W...#..##.#..#
#(.#......W'..##.#..#########
#..#.?.....'................#
#..#[......'..#####.......#.#
...#.......#..............#.#


You could see Flugslaktarn's ghost (toxic aura).

Vanquished Creatures
  A black bear (D:5)
  A centaur (D:5)
  A phantom (D:5)
  A howler monkey (D:5)
  A hound (D:5)
  2 bombardier beetles (D:5)
  2 jellies (D:4)
  An iguana (D:5)
  A gnoll (D:5)
  2 adders
  4 dart slugs
  3 ribbon worms
  6 orcs
  6 ball pythons
  12 endoplasms
  2 giant cockroaches
  6 goblins
  8 hobgoblins
  13 jackals
  9 kobolds
  4 quokkas
  4 bats
  5 frilled lizards
  6 rats
101 creatures vanquished.

Notes
Turn   | Place    | Note
-------+----------+-------------------------------------------
     0 | D:1      | Dirtsage the Octopode Shapeshifter began the quest for the
                  | Orb.
     0 | D:1      | Reached XP level 1. HP: 13/13 MP: 1/1
   171 | D:1      | Reached XP level 2. HP: 7/18 MP: 2/2
   509 | D:1      | Reached XP level 3. HP: 23/23 MP: 3/3
   803 | D:2      | Found a radiant altar of Vehumet.
  1025 | D:2      | Reached XP level 4. HP: 21/29 MP: 4/4
  1681 | D:3      | Found Ledefaog's Distillery.
  1688 | D:3      | Bought a potion of might for 52 gold pieces
  1688 | D:3      | Bought a potion of heal wounds for 65 gold pieces
  2197 | D:4      | Reached skill level 4 in Shapeshifting
  2197 | D:4      | Reached XP level 5. HP: 16/34 MP: 5/5
  2959 | D:5      | Entered Level 5 of the Dungeon
  2959 | D:5      | Noticed a black bear
  2965 | D:5      | Killed a black bear
  2966 | D:5      | Reached XP level 6. HP: 27/41 MP: 6/6
  3372 | D:5      | Noticed Flugslaktarn's ghost (amateur OpAl)
  3376 | D:5      | Found a runed translucent gate.
  3376 | D:5      | Found a runed translucent gate.
  3376 | D:5      | Found a runed translucent gate.
  3448 | D:5      | Identified the ring of Xom's Whim {Fly rN+ Str+3}
  3514 | D:5      | Reached skill level 5 in Shapeshifting
  3514 | D:5      | Reached XP level 7. HP: 4/46 MP: 7/7
  3772 | D:5      | Upgraded the game from 0.31-a0-1589-g8f5e8aebd6 to
                  | 0.31-a0-1598-g94871bc2e8
  3976 | D:5      | HP: 2/69 [Flugslaktarn's ghost (5)]
  3977 | D:5      | Incinerated by a bombardier beetle

Illustrated notes

Levels and vault maps discovered:
D:1:      psy_arrival_whirlpool, layout_basic
D:2:      layout_loops_ring, basic_altar
D:3:      layout_rooms, serial_shops, shop_fountains,
          nicolae_kite_square_tiling_tiny, columned_hall_lemuel, minmay_between
D:4:      layout_basic
D:5:      layout_basic, gammafunk_ghost_split

Skill      XL: |  1  2  3  4  5  6  7 |
---------------+----------------------+-----
Fighting       | 2 3 |  3.4
Shapeshifting  | 4 5 |  5.3
Dodging        | 3 4 |  4.0
Unarmed Combat | 4 |  4.6

Action                     |  1- 3 |  4- 6 |  7- 9 || total
---------------------------+-------+-------+-------++-------
  Melee: Unarmed           |    79 |   119 |    23 ||   221
         Constrict         |    21 |    24 |     2 ||    47
         Tentacles         |     8 |    28 |     6 ||    42
         Punch             |     4 |     3 |     3 ||    10
    Use: Potion            |       |       |     3 ||     3
   Stab: Sleeping          |     4 |    10 |       ||    14
 Armour: Skin              |    34 |    54 |    16 ||   104
  Dodge: Dodged            |    44 |    60 |     3 ||   107

Table legend: (Time is in decaauts)
 A = Elapsed time spent in this place.
 B = Non-inter-level travel time spent in this place.
 C = Inter-level travel time spent in this place.
 D = Time resting spent in this place.
 E = Time spent auto-exploring this place.
 F = Levels seen in this place.
 G = Mean time per level.
                   A        B        C        D        E       F      G
               +--------+--------+--------+--------+--------+-----+--------+
         Total |   3959 |   3918 |     41 |      8 |   3340 |   5 |  791.8 |
       Dungeon |   3959 |   3918 |     41 |      8 |   3340 |   5 |  791.8 |
               +--------+--------+--------+--------+--------+-----+--------+

Top non-repeatable levels by time:
     D:5: 1012 daAuts
     D:4: 883 daAuts
     D:2: 782 daAuts
     D:1: 660 daAuts
     D:3: 619 daAuts
